 Dungeon Crawl Stone Soup version 0.27-a0-1154-gfdeffcb720 (webtiles) character file.

Game seed: 13052238941060158898

59255 robertstho the Severer (level 14, -9/207 HPs)
             Began as a Minotaur Berserker on May 14, 2021.
             Was the Champion of Trog.
             Killed from afar by a raiju (18 damage)
             ... with a living lightning
             ... on level 2 of the Abyss.
             The game lasted 00:23:27 (19177 turns).

robertstho the Severer (Minotaur Berserker)        Turns: 19177, Time: 00:23:27

Health: -9/207     AC: 27    Str: 25    XL:     14   Next: 52%
Magic:  0/13       EV: 13    Int:  5    God:    Trog [******]
Gold:   679        SH:  0    Dex: 14    Spells: 13/13 levels left

rFire    + . .     SeeInvis .   R - +4 executioner's axe (flame)
rCold    . . .     Faith    .   (shield currently unavailable)
rNeg     . . .     Spirit   +   N - +0 plate armour
rPois    +         Reflect  .   U - +1 hat {Stlth+}
rElec    .         Harm     .   h - +2 cloak {rCorr}
rCorr    +         Rampage  .   X - +1 pair of gloves {Dex+3}
Will     +....                  C - +1 pair of boots of Past Mistakes {+Inv rPois rF+}
Stlth    ..........             s - amulet of guardian spirit
HPRegen  0.00/turn              b - +4 ring of slaying
MPRegen  0.13/turn              V - +4 ring of evasion

@: berserking, studying Slings, very quick
A: horns 2, retaliatory headbutt, [inhibited regeneration], [no potion heal 2]
a: Renounce Religion, Evoke Invisibility, Berserk, Trog's Hand, Brothers in Arms


You were on level 2 of the Abyss.
You worshipped Trog.
Trog was exalted by your worship.
You visited 2 branches of the dungeon, and saw 18 of its levels.
You visited the Abyss 1 time.
You also visited: Gauntlet.

You collected 1188 gold pieces.
You spent 509 gold pieces at shops.

Inventory:

Hand Weapons
 B - the +11 mace "Patar" {vorpal, rF+ Int+4}
   (You found it on level 6 of the Dungeon)

   It inflicts extra damage upon your enemies.
   It affects your intelligence (+4).
   It protects you from fire.
 R - a +4 executioner's axe of flaming (weapon)
Armour
 h - a +2 cloak of preservation (worn)
 x - a +2 kite shield
 C - the +1 pair of boots of Past Mistakes (worn) {+Inv rPois rF+}
   (You bought it in a shop on level 1 of the Dungeon)

   It protects you from fire.
   It protects you from poison.
   It lets you turn invisible.
 N - a +0 plate armour (worn)
 U - a +1 hat of stealth (worn)
 X - a +1 pair of gloves of dexterity (worn)
Jewellery
 b - a +4 ring of slaying (left hand)
 o - a ring of protection from cold
 p - a ring of fire
 q - a ring of poison resistance
 s - an amulet of guardian spirit (around neck)
 y - a ring of fire
 L - an amulet of regeneration
 V - a +4 ring of evasion (right hand)
Wands
 d - a wand of acid (23)
 I - a wand of iceblast (11)
 J - a wand of paralysis (13)
Scrolls
 e - a scroll of holy word
 g - a scroll of vulnerability {unknown}
 j - a scroll of acquirement {unknown}
 n - 3 scrolls of magic mapping
 u - 4 scrolls of fog
 w - 6 scrolls of enchant armour
 A - 4 scrolls of teleportation {unknown}
 D - a scroll of fear
 F - a scroll of brand weapon {unknown}
 H - 4 scrolls of blinking {unknown}
 M - a scroll of immolation
 O - 3 scrolls of enchant weapon
Potions
 c - a potion of attraction {unknown}
 f - 4 potions of curing {unknown}
 i - 4 potions of haste {unknown}
 k - 3 potions of heal wounds
 l - 2 potions of resistance {unknown}
 m - 2 potions of lignification
 r - a potion of magic {unknown}
 t - 2 potions of cancellation
 v - 6 potions of mutation
 z - 3 potions of invisibility {unknown}
 G - 2 potions of might
 K - 2 potions of berserk rage {unknown}
 S - 4 potions of flight {unknown}
 Z - a potion of ambrosia
Miscellaneous
 a - a phantom mirror
 T - a condenser vane
 W - a tin of tremorstones (2/2)
 Y - a lightning rod (4/4)


   Skills:
 * Level 16.4 Fighting
 + Level 18.2 Axes
 * Level 16.2 Armour
 + Level 3.9 Dodging


You had 13 spell levels left.
You didn't know any spells.
Your spell library was empty.

Dungeon Overview and Level Annotations

Branches:
Dungeon (12/15)            Temple (0/1) D:7            Lair (6/6) D:10
 Shoals (0/4) Lair:3        Snake (0/4) Lair:3        Slime (0/5) Lair:5
    Orc (0/2) D:10        Gauntlet (visited)

Altars:
Zin
Jiyva

Shops:
D:1 *   D:8 *

Annotations:
D:1 247 boots
Lair:3 2 transporters, exclusion: 2 oklob plants, leviel's ghost, journeyman MiFi


Innate Abilities, Weirdness & Mutations

You have a pair of horns on your head.
You reflexively headbutt those who attack you in melee.
[You do not regenerate when monsters are visible.]
[Potions cannot restore your health.]


Message History

A red film seems to cover your vision as you go berserk!
You feel yourself moving faster!
You feel mighty! The raiju bites you!
* * * LOW HITPOINT WARNING * * *
The raiju shocks you!
* * * LOW HITPOINT WARNING * * *
You slice the raiju!! You burn the raiju. Your headbutt misses the raiju.
The raiju is severely wounded.
The raiju closely misses you.
You closely miss the raiju. Your headbutt misses the raiju.
The raiju is severely wounded.
You closely miss the raiju. You headbutt the raiju!
You kill the raiju!
Trog accepts your kill.
A thrashing horror comes into view.
A raiju comes into view.
You feel the corruption within you wane somewhat.
Your urge to scream lessens.
Your urge to shout disappears.
The raiju barks!
The thrashing horror roars!
You slice the quasit!!
You kill the quasit!
Trog accepts your kill.
The raiju bursts into living lightning!
The living lightning hits you but does no damage.
The raiju blinks! x2
You closely miss the raiju. The raiju bites you.
* * * LOW HITPOINT WARNING * * *
The raiju shocks you!
* * * LOW HITPOINT WARNING * * *
You slice the raiju!! You burn the raiju.
The raiju is almost dead.
You barely miss the raiju.
The raiju is almost dead.
The raiju bursts into living lightning!
The living lightning hits you but does no damage.
The living lightning hits you!
* * * LOW HITPOINT WARNING * * *
The raiju blinks!
A starcursed mass comes into view.
The raiju bursts into living lightning!
The living lightning misses you. The living lightning hits you!!
You die...

#. .# ## #.#..#
#.# .X#.#.## ...
#...#...##.## ##
..ยง....#..#.#...#
# #.....#.....# .
#.##h@.# . # .##
#.##W# #. . #....#
#.. . . # #...#.#
#.# # #. ##.##...
..# . ##.###.#
.....#.. #. # ...
.... ... #. .
#####. .#..#.. #
.#... ..


You could see a starcursed mass, a freezing wraith and a raiju.

Vanquished Creatures
  A dire elephant (Lair:6)
  A minotaur (Gauntlet)
  Harold (D:9)
  9 hydras
  A boulder beetle (Lair:1)
  The ghost of robertstho the Thaumaturge, a journeyman DjFE of Gozag (D:9)
  A death yak (Lair:5)
  3 two-headed ogres (D:11)
  An anaconda (Lair:5)
  A fire crab (Lair:6)
  A soul eater (Gauntlet)
  A wretched star (Abyss:2)
  A lindwurm (Lair:5)
  A manticore (D:12)
  Maurice (D:9)
  5 black mambas
  5 elephants
  An unseen horror (D:11)
  2 kobold demonologists (D:10)
  A hellion (Gauntlet)
  4 rime drakes
  15 cane toads
  15 komodo dragons
  A queen bee (Gauntlet)
  A troll (D:10)
  A polar bear (Lair:5)
  A red devil (Gauntlet)
  A raiju (Abyss:2)
  23 blink frogs
  12 dream sheep
  2 centaur simulacra (D:9)
  A vampire (D:11)
  6 wyverns
  A large abomination (Abyss:2)
  A tarantella (Lair:1)
  9 basilisks
  47 yaks
  2 steam dragons
  9 vampire mosquitoes
  A naga (Lair:3)
  22 water moccasins
  A hell hound (Lair:6)
  Duvessa (D:7)
  3 orc warriors
  A sky beast (D:6)
  An ice beast (D:5)
  2 black bears
  13 wolves
  3 necrophages
  3 ogres
  10 centaurs
  A phantom (D:4)
  3 kobold brigands
  A small abomination (Abyss:2)
  18 bullfrogs
  2 scorpions
  Dowan (D:7)
  A water moccasin skeleton (D:5)
  9 killer bees
  13 wights
  4 howler monkeys (D:10)
  6 centaur zombies
  A quasit (Abyss:2)
  A bullfrog zombie (D:5)
  4 hounds
  8 starcursed masses (Abyss:2)
  A gnoll shaman (D:7)
  2 orc priests (D:9)
  A jelly (D:4)
  3 centaur skeletons
  3 iguanas
  A scorpion zombie (D:5)
  3 orc wizards
  A killer bee zombie (D:6)
  A howler monkey zombie (D:10)
  5 gnolls (D:7)
  7 adders
  4 shadow imps
  A white imp (D:7)
  An adder skeleton (D:4)
  2 worms
  A dart slug (D:4)
  18 orcs
  A ball python (D:4)
  4 endoplasms
  4 giant cockroaches
  10 goblins
  6 hobgoblins
  7 jackals
  3 quokkas
  9 bats
  A frilled lizard (D:2)
  16 kobolds
  6 rats
447 creatures vanquished.

Vanquished Creatures (collateral kills)
  An acid dragon (D:11)
1 creature vanquished.

Vanquished Creatures (others)
  32 fungi
  44 plants
  18 withered plants (Gauntlet)
94 creatures vanquished.

Grand Total: 542 creatures vanquished

Notes
Turn   | Place    | Note
-------+----------+-------------------------------------------
     0 | D:1      | robertstho the Minotaur Berserker began the quest for the
                  | Orb.
     0 | D:1      | Reached XP level 1. HP: 19/19 MP: 0/0
   151 | D:1      | Reached XP level 2. HP: 23/27 MP: 1/1
   241 | D:1      | Found Raruech's Assorted Antiques.
   303 | D:1      | Reached skill level 4 in Axes
   430 | D:1      | Found a faded altar of an unknown god.
   903 | D:2      | Reached ** piety under Trog
  1040 | D:2      | Reached XP level 3. HP: 34/34 MP: 2/2
  1591 | D:3      | Reached XP level 4. HP: 32/41 MP: 3/3
  1737 | D:3      | Noticed a necrophage
  1748 | D:3      | Killed a necrophage
  1749 | D:3      | Reached skill level 5 in Fighting
  1749 | D:3      | Reached skill level 5 in Axes
  1749 | D:3      | Reached XP level 5. HP: 39/48 MP: 4/4
  2021 | D:3      | Found a glowing silver altar of Zin.
  2315 | D:4      | Noticed an ogre
  2325 | D:4      | Killed an ogre
  2326 | D:4      | Reached XP level 6. HP: 53/56 MP: 5/5
  2423 | D:4      | Reached skill level 6 in Axes
  2423 | D:4      | Reached skill level 5 in Armour
  2885 | D:4      | Reached XP level 7. HP: 55/63 MP: 6/6
  2984 | D:5      | Entered Level 5 of the Dungeon
  3252 | D:5      | Reached skill level 7 in Axes
  3271 | D:5      | Reached *** piety under Trog
  3424 | D:5      | Reached XP level 8. HP: 67/73 MP: 7/7
  3838 | D:6      | Reached skill level 8 in Axes
  4449 | D:6      | Identified the +11 mace "Patar" {vorpal, rF+ Int+4}
  4552 | D:1      | Bought a pair of smoking boots for 247 gold pieces
  4552 | D:1      | Identified the +1 pair of boots of Past Mistakes {+Inv
                  | rPois rF+} (You bought it in a shop on level 1 of the
                  | Dungeon)
  4552 | D:1      | Bought a scroll labelled VOUPTA YLUMANE for 26 gold pieces
  4819 | D:7      | Noticed Duvessa
  4819 | D:7      | Noticed Dowan
  5199 | D:7      | Identified the +2 leather armour of the Equator {Will++}
  5205 | D:7      | Killed Duvessa
  5208 | D:7      | Killed Dowan
  5227 | D:7      | Reached XP level 9. HP: 64/81 MP: 6/8
  5321 | D:7      | Reached skill level 9 in Axes
  5497 | D:7      | Found a staircase to the Ecumenical Temple.
  5634 | D:7      | Found the +7 Singing Sword {vorpal, sonic wave}
  5770 | D:7      | Reached **** piety under Trog
  6443 | D:8      | Found Juyrhiorph's Changing Room.
  6454 | D:8      | Bought a potion of lignification for 36 gold pieces
  6580 | D:8      | Reached skill level 10 in Axes
  6711 | D:8      | Reached skill level 10 in Armour
  7477 | D:8      | Bought a potion of mutation for 96 gold pieces
  7668 | D:9      | Found a runed translucent gate.
  7668 | D:9      | Found a runed translucent gate.
  7668 | D:9      | Found a runed translucent gate.
  7677 | D:9      | Reached XP level 10. HP: 62/92 MP: 9/9
  7974 | D:9      | Noticed robertstho's ghost (journeyman DjFE)
  8129 | D:9      | Noticed Maurice
  8147 | D:9      | Killed Maurice
  8148 | D:9      | Reached skill level 11 in Axes
  8253 | D:9      | Noticed Harold
  8256 | D:9      | Killed Harold
  8257 | D:9      | Reached skill level 10 in Fighting
  8882 | D:9      | Killed robertstho's ghost
  8883 | D:9      | Reached skill level 12 in Axes
  9174 | D:1      | Bought a scroll of identify for 52 gold pieces
  9174 | D:1      | Bought a scroll of identify for 52 gold pieces
  9363 | D:10     | Entered Level 10 of the Dungeon
  9741 | D:10     | Found a staircase to the Orcish Mines.
  9844 | D:10     | Noticed a sun demon
  9933 | D:10     | Noticed a smoke demon
  9937 | D:10     | Reached ***** piety under Trog
  9938 | D:10     | Reached XP level 11. HP: 85/102 MP: 7/10
 10050 | D:10     | Found a staircase to the Lair.
 10162 | D:11     | Noticed a two-headed ogre
 10171 | D:11     | Killed a two-headed ogre
 10190 | D:11     | Reached skill level 13 in Axes
 10719 | D:11     | You fall into a shaft and drop 1 floor!
 10755 | D:11     | Noticed a two-headed ogre
 10765 | D:11     | Killed a two-headed ogre
 10877 | D:11     | Noticed a two-headed ogre
 10885 | D:11     | Killed a two-headed ogre
 11445 | Lair:1   | Entered Level 1 of the Lair of Beasts
 11852 | Lair:1   | Received a gift from Trog
 11944 | Lair:1   | Noticed a four-headed hydra
 11946 | Lair:1   | Noticed a five-headed hydra
 11950 | Lair:1   | Killed a one-headed hydra
 11951 | Lair:1   | Reached skill level 14 in Axes
 11951 | Lair:1   | Reached XP level 12. HP: 112/113 MP: 11/11
 11952 | Lair:1   | Killed a three-headed hydra
 12562 | Lair:1   | Found a runed translucent door.
 13014 | Lair:1   | Identified the +4 whip of Tenacity {freeze, rPois}
 13014 | Lair:1   | Noticed a boulder beetle
 13026 | Lair:1   | Killed a boulder beetle
 13230 | Lair:2   | Reached skill level 15 in Axes
 13884 | Lair:2   | Noticed a four-headed hydra
 13890 | Lair:2   | Killed a one-headed hydra
 14206 | Lair:3   | Found a transporter.
 14211 | Lair:3   | Noticed a five-headed hydra
 14222 | Lair:3   | Killed a four-headed hydra
 14231 | Lair:3   | Noticed a six-headed hydra
 14234 | Lair:3   | Reached XP level 13. HP: 37/124 MP: 5/12
 14244 | Lair:3   | Noticed leviel's ghost (journeyman MiFi)
 14280 | Lair:3   | Found a gate leading to a gauntlet.
 14294 | Gauntlet | Entered a Gauntlet
 14294 | Gauntlet | Found a transporter.
 14294 | Gauntlet | Found a transporter.
 14490 | Gauntlet | Found a transporter.
 14490 | Gauntlet | Found a transporter.
 14493 | Gauntlet | Found a transporter.
 14493 | Gauntlet | Found a transporter.
 14507 | Gauntlet | Found a transporter.
 14507 | Gauntlet | Found a transporter.
 14517 | Gauntlet | Found a transporter.
 14522 | Gauntlet | Found a transporter.
 14541 | Gauntlet | Found a transporter.
 14545 | Gauntlet | Found a transporter.
 15110 | Gauntlet | Noticed a minotaur
 15121 | Gauntlet | Killed a minotaur
 15132 | Gauntlet | Identified Hariaqom's Hermeneutics, Part Four
 15132 | Gauntlet | Identified the ring "Liline" {Wiz rPois Str+2}
 15132 | Gauntlet | Identified the +4 flail of the Pharaoh's Fist {pain,
                  | Fragile Int+5}
 15297 | Lair:3   | Reached skill level 15 in Armour
 15298 | Lair:3   | Reached skill level 16 in Axes
 15322 | Lair:3   | Found a staircase to the Snake Pit.
 15624 | Lair:3   | Found a transporter.
 15735 | Lair:3   | Found a staircase to the Shoals.
 16817 | Lair:4   | Reached skill level 15 in Fighting
 17445 | Lair:5   | Reached skill level 17 in Axes
 17706 | Lair:5   | Found a staircase to the Slime Pits.
 17713 | Lair:5   | Received a gift from Trog
 17714 | Lair:5   | Reached XP level 14. HP: 136/136 MP: 13/13
 17722 | Lair:5   | Found a viscous altar of Jiyva.
 18287 | Lair:6   | Entered Level 6 of the Lair of Beasts
 18766 | Lair:6   | Reached skill level 18 in Axes
 18923 | Lair:6   | Reached ****** piety under Trog
 18961 | Lair:6   | Cast into level 2 of the Abyss (a wizard)
 18961 | Abyss:2  | Found a corrupted altar of Lugonu.
 19019 | Abyss:2  | Noticed a starcursed mass
 19054 | Abyss:2  | Noticed a starcursed mass
 19176 | Abyss:2  | HP: 9/207 [raiju/living lightning (14)]
 19177 | Abyss:2  | Noticed a starcursed mass
 19177 | Abyss:2  | Killed from afar by a raiju

Illustrated notes

Levels and vault maps discovered:
D:1:      minmay_arrival_four_circles, layout_basic, serial_shops, shop,
          shapermc_ecumenical_altar_flowoftime, hangedman_decor_push
D:2:      layout_loops_corners
D:3:      layout_basic, lemuel_crystal_altar
D:4:      layout_rooms, kennysheep_big_empty_room,
          eino_small_chamber_without_monster
D:5:      layout_cave_pools, minmay_holes
D:6:      layout_gridville, grunt_decor_arrowhead, kennysheep_dice
D:7:      old_forge, layout_cave_pools, minmay_temple_entry_statues_pillars,
          uniq_duvessa
D:8:      layout_layer_cave, nicolae_transmutations_shop, kennysheep_donut,
          roderic_lattice_a
D:9:      layout_loops_ring, gammafunk_ghost_necromancy, uniq_harold,
          uniq_maurice
D:10:     layout_roguey, lair_entry_dummy, orc_0_dummy
D:11:     layout_basic, columned_hall_lemuel
D:12:     layout_roguey, nicolae_looking_at_the_future, uniq_psyche
Lair:1:   gammafunk_indiana_jones, layout_gridlike, nzn_random_ring
Lair:2:   layout_cave_pods, chequers_serial_rivers_marsh, grunt_megastairs_3,
          serial_bayou_shore_b
Lair:3:   layout_chaotic_city, minmay_shoals_entry_centaurs,
          guppyfry_snake_entry_island, gauntlet_entry_generic,
          nzn_ghost_randoct, kennysheep_basilisk_garden
Lair:4:   layout_long_grid, cheibrodos_lair_caveside_slide
Lair:5:   nzn_winding_woodlands_medium [nzn_winding_woodlands_5x5_three,
          nzn_winding_woodlands_5x15_jagged,
          nzn_winding_woodlands_5x5_checkerboard,
          nzn_winding_woodlands_5x5_cross, nzn_winding_woodlands_center_lodge,
          nzn_winding_woodlands_5x5_perimeter, nzn_winding_woodlands_hourglass,
          nzn_winding_woodlands_5x15_pool, nzn_winding_woodlands_5x5_default],
          layout_misc_corridors, slime_altar_1
Lair:6:   evil_forest, layout_layer_cave
Abyss:2:  base:
D:15

Skill      XL: |  1  2  3  4  5  6  7  8  9 10 11 12 13 14 |
---------------+-------------------------------------------+-----
Fighting       | 4 5 6 7 8 9 11 12 14 15 16 | 16.4
Axes           | 4 5 6 7 8 10 12 14 15 17 18 | 18.2
Armour         | 3 4 5 6 8 10 11 13 14 15 16 | 16.2
Dodging        | 3 |  3.9

Action                   |  1- 3 |  4- 6 |  7- 9 | 10-12 | 13-15 || total
-------------------------+-------+-------+-------+-------+-------++-------
Melee: Hand axe          |    65 |    73 |   117 |       |       ||   255
       Headbutt          |    11 |     7 |    55 |    64 |    80 ||   217
       Battleaxe         |       |       |   119 |   220 |       ||   339
       Executioner's axe |       |       |       |   105 |   318 ||   423
Invok: Berserk           |       |       |     3 |     8 |     5 ||    16
       Brothers in Arms  |       |       |       |     2 |     1 ||     3
       Trog's Hand       |       |       |       |       |     1 ||     1
  Use: Scroll            |       |       |     7 |     4 |     3 ||    14
       Potion            |       |       |       |     2 |       ||     2
Armor: Ring mail         |    23 |    13 |     3 |       |       ||    39
       Chain mail        |       |       |   160 |    10 |       ||   170
       Plate armour      |       |       |       |   403 |   257 ||   660
Dodge: Dodged            |    33 |    42 |   125 |   164 |   210 ||   574

Table legend: (Time is in decaauts)
 A = Elapsed time spent in this place.
 B = Non-inter-level travel time spent in this place.
 C = Inter-level travel time spent in this place.
 D = Time resting spent in this place.
 E = Time spent auto-exploring this place.
 F = Levels seen in this place.
 G = Mean time per level.
                   A        B        C        D        E       F      G
               +--------+--------+--------+--------+--------+-----+--------+
         Total |  19472 |  17954 |   1518 |    552 |  14794 |  20 |  973.6 |
       Dungeon |  11602 |  10439 |   1163 |    343 |   8786 |  12 |  966.8 |
          Lair |   6717 |   6362 |    355 |      0 |   5366 |   6 | 1119.5 |
         Abyss |    216 |    216 |      0 |     40 |    104 |   1 |  216.0 |
      Gauntlet |    936 |    936 |      0 |    169 |    537 |   1 |  936.0 |
               +--------+--------+--------+--------+--------+-----+--------+

Top non-repeatable levels by time:
  Lair:1: 1710 daAuts
     D:8: 1646 daAuts
     D:9: 1549 daAuts
  Lair:5: 1382 daAuts
    D:11: 1275 daAuts
     D:7: 1131 daAuts
  Lair:2: 1094 daAuts
     D:6: 1058 daAuts
     D:2: 938 daAuts
Gauntlet: 936 daAuts
  Lair:4: 928 daAuts
  Lair:3: 917 daAuts
     D:1: 868 daAuts
     D:5: 820 daAuts
    D:10: 806 daAuts
